 Dungeon Crawl Stone Soup version 0.32-a0-656-g3542139ebd (webtiles) character file.

Game seed: 8382188830549342080

26 ytrimaz the Trooper (level 3, 40/40 HPs)
             Began as an Oni Monk on Mar 8, 2024.
             Quit the game on level 1 of the Dungeon.
             The game lasted 00:00:52 (674 turns).

ytrimaz the Trooper (Oni Monk)                       Turns: 674, Time: 00:00:53

Health: 40/40      AC:  3    Str: 17    XL:     3   Next: 8%
Magic:  3/3        EV: 10    Int: 11    God:
Gold:   47         SH:  0    Dex: 11    Spells: 2/2 levels left

rFire   + . .        a - +0 mace
rCold   . . .        d - orb {light}
rNeg    . . .        b - +0 robe
rPois   .            (helmet restricted)
rElec   .            (no cloak)
rCorr   .            (gloves unavailable)
SInv    .            (boots unavailable)
Will    .....        (no amulet)
Stlth   +            h - ring of protection from fire
HPRegen 0.26/turn    (no ring)
MPRegen 0.08/turn

%: no passive effects
@: glowing
A: large, unfitting armour, horns 1, tough skin 1, double potion healing,
drunken brawling
a: no special abilities


You were on level 1 of the Dungeon.
You visited 1 branch of the dungeon, and saw 1 of its levels.

You collected 47 gold pieces.


Innate Abilities, Weirdness & Mutations

You are too large for most types of armour.
You have a pair of small horns on your head.
You have tough skin. (AC +1)
You gain doubled healing and magic from potions.
Whenever you drink a healing potion, you attack all around you.


   Skills:
 + Level 4.6 Fighting
 + Level 3.4 Maces & Flails
 + Level 3.1 Dodging


You had 2 spell levels left.
You didn't know any spells.
Your spell library was empty.

Inventory:

Hand Weapons
 a - a +0 mace (weapon)
Armour
 b - a +0 robe (worn)
 d - an orb of light (worn)
Jewellery
 h - a ring of protection from fire (left hand)
   (You found it on level 1 of the Dungeon)
Scrolls
 g - a scroll of vulnerability {unknown}
Potions
 c - a potion of ambrosia
 e - 3 potions of heal wounds {unknown}
 f - a potion of enlightenment {unknown}
 i - 2 potions of curing {unknown}

Dungeon Overview and Level Annotations

Branches:
Dungeon (1/15) Zot: 5314

Altars:

### ### #.. ..# #.# #.# #.# #.#
#### #### #.######.####... ..#
#..#............ #.#
##....)...####...
#.####.........# ##.#
###....@.........# #.#
#....#####.......# #.# #.#.##
#......## #.# #.###.#.# #.#...##
###.# #.......# ##'##### #....
#####.### ##...## #.#.# ##.#
##.....## #.#.# ##..# ##.......##
##.#..
########...####..)......####.>.#.


There were no monsters in sight!


Message History

You closely miss the goblin. You headbutt the goblin.
You kill the goblin!
You see here a +0 dagger.
No target in view!
Unknown command.
A hobgoblin comes into view.
The hobgoblin shouts!
A hobgoblin is nearby!
A hobgoblin is nearby!
A ball python comes into view.
A goblin comes into view. It is wielding a +0 dagger.
The ball python hisses angrily.
The hobgoblin closely misses you.
You hit the hobgoblin but do no damage. The hobgoblin barely misses you.
The goblin shouts!
You hit the hobgoblin. The hobgoblin closely misses you.
You barely miss the hobgoblin.
The hobgoblin hits you but does no damage.
You barely miss the hobgoblin. You headbutt the hobgoblin.
The hobgoblin closely misses you. The goblin barely misses you.
The goblin hits you but does no damage. The hobgoblin barely misses you.
You barely miss the hobgoblin. Your headbutt misses the hobgoblin.
The goblin hits you with a +0 dagger.
The hobgoblin barely misses you. 😕 HP[-1]
You take 1 damage, and now have 32/33 hp.
You barely miss the hobgoblin. The goblin hits you with a +0 dagger.
The hobgoblin hits you. 😕 HP[-2]
You take 2 damage, and now have 30/33 hp.
Unknown command.
You hit the hobgoblin.
You kill the hobgoblin!
The goblin completely misses you. The ball python misses you.
You barely miss the ball python. The goblin misses you.
The ball python bites you.
You hit the ball python. The goblin closely misses you.
The ball python misses you. The goblin barely misses you.
The ball python barely misses you.
Unknown command.
You hit the ball python.
You kill the ball python!
The goblin hits you but does no damage. The goblin hits you with a +0 dagger.
You see here a hobgoblin corpse. 😕 HP[-3]
You take 3 damage, and now have 27/33 hp.
You sock the goblin!
You kill the goblin!
You have reached level 3!
Your experience leads to an increase in your attributes!
Increase (S)trength, (I)ntelligence, or (D)exterity?
You feel stronger. x3 😕 HP[+7] MP[+1]
You now have 40 max hp (+7).
You regained 7 hp, and now have 34/40 hp.
Your mp is fully restored (3).
Things that are here:
a +0 dagger; a goblin corpse You now have 26 gold pieces (gained 5).
You now have 37 gold pieces (gained 11).
A kobold comes into view. It is wielding a +0 dagger.
The kobold shouts! 😎 HP[+6]
Your hp is fully restored (40).
A kobold is nearby!
A kobold is nearby!
A hobgoblin comes into view.
The hobgoblin shouts!
You hit the hobgoblin. Your headbutt misses the hobgoblin.
The kobold closely misses you. The hobgoblin barely misses you.
You hit the hobgoblin.
You kill the hobgoblin!
The kobold hits you but does no damage.
The kobold hits you with a +0 dagger. 😕 HP[-1]
You take 1 damage, and now have 39/40 hp.
The kobold misses you.
You see here a hobgoblin corpse.
You barely miss the kobold. The kobold closely misses you.
You closely miss the kobold.
You headbutt the kobold, but do no damage.
The kobold hits you with a +0 dagger. 😕 HP[-1]
You take 1 damage, and now have 38/40 hp.
Unknown command.
You hit the kobold. You headbutt the kobold.
You kill the kobold!
Things that are here:
a +0 dagger; a kobold corpse No target in view!
You now have 47 gold pieces (gained 10).
i - 2 amethyst potions 😎 HP[+2]
Your hp is fully restored (40).
You open the door.
There is an open door here.
There is an open door here.
You open the door.
There is an open door here.
Key pressed, stopping explore.
Are you sure you want to abandon this character and quit the game? (Confirm with "yes".)

Skill      XL: |  1  2 |
---------------+-------+-----
Dodging        | 3 |  3.1
Fighting       | |  4.6
Maces & Flails | |  3.4

Action                     || total
---------------------------++-------
  Melee: Mace              ||    50
         Headbutt          ||     8
 Armour: Robe              ||    35
  Dodge: Dodged            ||    31

Levels and vault maps discovered:
D:1:      saegor_arrival_simple_e, layout_loops_corners, st_stairs_10

Notes
Turn   | Place    | Note
-------+----------+-------------------------------------------
     0 | D:1      | ytrimaz the Oni Monk began the quest for the Orb.
     0 | D:1      | Reached XP level 1. HP: 24/24 MP: 1/1
     0 | D:1      | magus.rc [v1.9.6]
   249 | D:1      | Reached XP level 2. HP: 32/32 MP: 2/2
   446 | D:1      | Reached skill level 3 in Dodging
   560 | D:1      | Reached XP level 3. HP: 34/40 MP: 3/3
   674 | D:1      | Quit the game

Vanquished Creatures
  2 dart slugs (D:1)
  2 ball pythons (D:1)
  5 goblins (D:1)
  3 hobgoblins (D:1)
  3 kobolds (D:1)
  A quokka (D:1)
  A bat (D:1)
  3 rats (D:1)
20 creatures vanquished.

Table legend:
 A = Non-vault XP
 B = Vault XP
 C = Vault XP percentage of total XP
 D = Non-vault monster count
 E = Vault monster count
 F = Vault count percentage of total count
                 A         B        C        D         E       F
            +---------+---------+-------+---------+---------+-------
      Total |      31 |       7 |  18.4 |      16 |       4 |  20.0
            +---------+---------+-------+---------+---------+-------
        D:1 |      31 |       7 |  18.4 |      16 |       4 |  20.0
            +---------+---------+-------+---------+---------+-------

Skill      XL: |  1  2 |
---------------+-------+-----
Dodging        | 3 |  3.1
Fighting       | |  4.6
Maces & Flails | |  3.4

Action                     || total
---------------------------++-------
  Melee: Mace              ||    50
         Headbutt          ||     8
 Armour: Robe              ||    35
  Dodge: Dodged            ||    31

Illustrated notes

Table legend:
 A = Kills in this place as a percentage of kills in the entire game.
 B = Kills by you in this place as a percentage of kills by you in the entire game.
 C = Kills by friends in this place as a percentage of kills by friends in the entire game.
 D = Other kills in this place as a percentage of other kills in the entire game.
 E = Experience gained in this place as a percentage of experience gained in the entire game.
 F = Experience gained in this place divided by the number of levels of this place that you have seen.
                   A       B       C       D       E      F
               +-------+-------+-------+-------+-------+----------------------
         Total | 100.0 | 100.0 |   N/A |   N/A | 100.0 |  38.0
       Dungeon | 100.0 | 100.0 |   N/A |   N/A | 100.0 |  38.0
               +-------+-------+-------+-------+-------+----------------------

Table legend: (Time is in decaauts)
 A = Elapsed time spent in this place.
 B = Non-inter-level travel time spent in this place.
 C = Inter-level travel time spent in this place.
 D = Time resting spent in this place.
 E = Time spent auto-exploring this place.
 F = Levels seen in this place.
 G = Mean time per level.
                   A        B        C        D        E       F      G
               +--------+--------+--------+--------+--------+-----+--------+
         Total |    685 |    685 |      0 |      0 |    556 |   1 |  685.0 |
       Dungeon |    685 |    685 |      0 |      0 |    556 |   1 |  685.0 |
               +--------+--------+--------+--------+--------+-----+--------+

Top non-repeatable levels by time:
     D:1: 685 daAuts
